 Dungeon Crawl Stone Soup version 0.29-a0-598-gd8304a5bf4 (webtiles) character file.

Game seed: 6106452584823649697

8 chronatog the Slicer (level 2, 17/17 HPs)
             Began as a Gnoll Wanderer on June 16, 2022.
             Quit the game on level 1 of the Dungeon.
             The game lasted 00:02:25 (244 turns).

chronatog the Slicer (Gnoll Wanderer)                Turns: 244, Time: 00:02:26

Health: 17/17      AC:  2    Str:  8    XL:     2   Next: 8%
Magic:  5/5        EV: 11    Int: 13    God:
Gold:   0          SH:  0    Dex: 12    Spells: 5/6 levels left

rFire   . . .      SeeInvis .   a - +2 short sword
rCold   . . .      Faith    .   (no shield)
rNeg    . . .      Spirit   .   d - +0 robe
rPois   .          Reflect  .   (no helmet)
rElec   .          Harm     .   b - +0 cloak
rCorr   .          Rampage  .   (no gloves)
Will    .....                   (no boots)
Stlth   +++.......              (no amulet)
HPRegen 0.05/turn               (no ring)
MPRegen 0.09/turn               (no ring)

@: no status effects
A: fangs 1, strong nose, distributed training, deformed body, frail 1
a: no special abilities


You were on level 1 of the Dungeon.
You visited 1 branch of the dungeon, and saw 1 of its levels.

Inventory:

Hand Weapons
 a - a +2 short sword (weapon)
Armour
 b - a +0 cloak (worn)
 d - a +0 robe (worn)
Scrolls
 c - a scroll of fog {unknown}


   Skills:
 + Level 0.2 Fighting
 + Level 8.4 Short Blades
 + Level 0.2 Long Blades
 + Level 0.2 Axes
 + Level 0.2 Maces & Flails
 + Level 0.2 Polearms
 + Level 0.2 Staves
 + Level 0.2 Slings
 + Level 0.2 Bows
 + Level 0.2 Crossbows
 + Level 0.2 Throwing
 + Level 2.4 Armour
 + Level 0.2 Dodging
 + Level 5.9 Stealth
 + Level 0.2 Shields
 + Level 0.2 Unarmed Combat
 + Level 2.6 Spellcasting
 + Level 0.1 Conjurations
 + Level 0.1 Hexes
 + Level 0.1 Summonings
 + Level 0.1 Necromancy
 + Level 2.0 Translocations
 + Level 0.1 Transmutations
 + Level 0.1 Fire Magic
 + Level 0.1 Ice Magic
 + Level 0.1 Air Magic
 + Level 0.1 Earth Magic
 + Level 0.1 Poison Magic
 + Level 0.3 Invocations
 + Level 0.2 Evocations


You had 5 spell levels left.
You knew the following spells:

 Your Spells              Type           Power      Damage    Failure   Level
a - Apportation           Tloc           12%        N/A       11%         1

Your spell library contained the following spells:

 Spells                   Type           Power      Damage    Failure   Level
 Teleport Other           Tloc           6%         N/A       30%         3


Dungeon Overview and Level Annotations

Branches:
Dungeon (1/15)

Altars:

Shops:
D:1 ?


Innate Abilities, Weirdness & Mutations

You have very sharp teeth.
Your uncanny sense of smell can sniff out nearby items.
Your experience applies equally to all skills.
Armour fits poorly on your strangely shaped body.
You are frail. (-10% HP)


Message History

You see here a +0 chain mail.
A goblin comes into view. It is wielding a +0 dagger.
Found 13 stones.
The helpless goblin fails to defend itself.
You perforate the goblin like a sieve!!!
You kill the goblin!
No target in view!
No target in view!
Things that are here:
a +0 dagger; 13 stones; a goblin corpse A goblin comes into view.
It is wielding a +0 club.
The goblin shouts!
You hit the goblin.
You kill the goblin!
You have reached level 2!
Things that are here:
a +0 club; a goblin corpse
Found Aqaubbis's Magic Scroll Shop.
There is an entrance to Aqaubbis's Magic Scroll Shop here.
There is an entrance to Aqaubbis's Magic Scroll Shop here.
Found a potion of mutation.
A hobgoblin comes into view.
The hobgoblin shouts!
The hobgoblin moves out of view.
You see here a potion of mutation.
e - a potion of mutation The hobgoblin hits you but does no damage.
You completely miss the hobgoblin. You headbutt the hobgoblin.
Your bite misses the hobgoblin.
The hobgoblin is heavily wounded.
The hobgoblin hits you.
You barely miss the hobgoblin.
The hobgoblin is heavily wounded.
You hit the hobgoblin.
You kill the hobgoblin!
You feel extremely strange. The horns on your head shrink away.
Your iridescent scales disappear.
You feel frail.
Your magic regains its normal vibrancy.
Your body twists and deforms.
Are you sure you want to abandon this character and quit the game? (Confirm with "yes".)

#.##....##......#
######
#.##....#########
#... #.......#
###'#
####....######
#.... #.#.......#
#..>. #.##.##.###
+..<. #.##.##.#
#.... #.##.##.#
#.... #......@#
###'# ####.####
##8.8 #.# ####'#
#........ ##.....
.....###. #......
......# #......
######.# ##..[..
.# ###''' . #...


There were no monsters in sight!

Vanquished Creatures
  2 goblins (D:1)
  A hobgoblin (D:1)
  A kobold (D:1)
  A bat (D:1)
  A frilled lizard (D:1)
  2 rats (D:1)
8 creatures vanquished.

Notes
Turn   | Place    | Note
-------+----------+-------------------------------------------
     0 | D:1      | chronatog the Gnoll Wanderer began the quest for the Orb.
     0 | D:1      | chronatog set off with the following items: a +2 short
                  | sword, a +0 cloak, a potion of mutation, a +0 robe; and the
                  | following spell memorised: Apportation; and the following
                  | spells available to memorise: Teleport Other.
     0 | D:1      | Reached XP level 1. HP: 13/13 MP: 4/4
     0 | D:1      | Gained mutation: Your spells are a little easier to cast,
                  | but a little less powerful. [potion of mutation]
     0 | D:1      | Gained mutation: You are partially covered in iridescent
                  | scales. (AC +2) [potion of mutation]
     0 | D:1      | Gained mutation: You have a pair of small horns on your
                  | head. [potion of mutation]
   188 | D:1      | Reached XP level 2. HP: 19/19 MP: 5/5
   201 | D:1      | Found Aqaubbis's Magic Scroll Shop.
   243 | D:1      | Lost mutation: You have a pair of small horns on your head.
                  | [potion of mutation]
   243 | D:1      | Lost mutation: You are partially covered in iridescent
                  | scales. (AC +2) [potion of mutation]
   243 | D:1      | Gained mutation: You are frail. (-10% HP) [potion of
                  | mutation]
   243 | D:1      | Lost mutation: Your spells are a little easier to cast, but
                  | a little less powerful. [potion of mutation]
   243 | D:1      | Gained mutation: Armour fits poorly on your strangely
                  | shaped body. [potion of mutation]
   244 | D:1      | Quit the game

Illustrated notes

Levels and vault maps discovered:
D:1:      shiori_arrival_elements, layout_basic, serial_shops, shop

Skill      XL: |  1 |
---------------+----+-----
Translocations | 2 |  2.0
Fighting       | |  0.2
Short Blades   | |  8.4
Long Blades    | |  0.2
Axes           | |  0.2
Maces & Flails | |  0.2
Polearms       | |  0.2
Staves         | |  0.2
Slings         | |  0.2
Bows           | |  0.2
Crossbows      | |  0.2
Throwing       | |  0.2
Armour         | |  2.4
Dodging        | |  0.2
Stealth        | |  5.9
Shields        | |  0.2
Unarmed Combat | |  0.2
Spellcasting   | |  2.6
Conjurations   | |  0.1
Hexes          | |  0.1
Summonings     | |  0.1
Necromancy     | |  0.1
Transmutations | |  0.1
Fire Magic     | |  0.1
Ice Magic      | |  0.1
Air Magic      | |  0.1
Earth Magic    | |  0.1
Poison Magic   | |  0.1
Invocations    | |  0.3
Evocations     | |  0.2

Action                   || total
-------------------------++-------
Melee: Short sword       ||    17
       Headbutt          ||     1
  Use: Potion            ||     2
 Stab: Sleeping          ||     5
Armor: Robe              ||     5
Dodge: Dodged            ||     1

Table legend: (Time is in decaauts)
 A = Elapsed time spent in this place.
 B = Non-inter-level travel time spent in this place.
 C = Inter-level travel time spent in this place.
 D = Time resting spent in this place.
 E = Time spent auto-exploring this place.
 F = Levels seen in this place.
 G = Mean time per level.
                   A        B        C        D        E       F      G
               +--------+--------+--------+--------+--------+-----+--------+
         Total |    238 |    238 |      0 |      0 |    164 |   1 |  238.0 |
       Dungeon |    238 |    238 |      0 |      0 |    164 |   1 |  238.0 |
               +--------+--------+--------+--------+--------+-----+--------+

Top non-repeatable levels by time:
     D:1: 238 daAuts
